 Dungeon Crawl Stone Soup version 0.21-a0-536-gdbbf329 (webtiles) character file.

88 mortelune the Digger (level 4, -1/36 HPs)
             Began as a Deep Dwarf Earth Elementalist on Dec 14, 2017.
             Shot with an arrow by a centaur (9 damage)
             ... on level 4 of the Dungeon.
             The game lasted 00:09:21 (3703 turns).

mortelune the Digger (DDEE)                         Turns: 3703, Time: 00:09:22

Health: -1/36      AC:  4    Str: 11    XL:     4   Next: 30%
Magic:  7/7        EV: 13    Int: 17    God:
Gold:   206        SH:  0    Dex: 13    Spells: 3/7 levels left

rFire    . . .     SeeInvis .   g - +0 club
rCold    . . .     Gourm    .   (no shield)
rNeg     + . .     Faith    .   i - +2 robe {rN+}
rPois    .         Spirit   .   (no helmet)
rElec    .         Reflect  .   (no cloak)
rCorr    .         Harm     .   (no gloves)
MR       .....                  (no boots)
Stlth    ++........             (no amulet)
HPRegen  0.00/turn              (no ring)
MPRegen  0.10/turn              (no ring)

@: non-regenerating
A: damage resistance, heal wounds, sense surroundings 1, no regeneration
a: Heal Wounds


You were on level 4 of the Dungeon.
You were hungry.

You visited 1 branch of the dungeon, and saw 4 of its levels.

You collected 206 gold pieces.

Inventory:

Hand Weapons
 a - a +0 dagger
 g - a +0 club (weapon)
Missiles
 b - 36 stones (quivered)
Armour
 c - a +0 robe
 i - a +2 robe of positive energy (worn)
Scrolls
 f - a scroll of enchant armour {unknown}
 h - 2 scrolls of teleportation {unknown}
 j - a scroll of fear {unknown}
 k - a scroll of remove curse
 m - a scroll of amnesia {unknown}
 o - a scroll of magic mapping {unknown}
Potions
 l - a potion of haste {unknown}
 q - a potion of degeneration
 r - a potion of flight {unknown}
 t - a potion of heal wounds {unknown}
Books
 e - a book of Geomancy

   Spells                             Type                      Level
   a - Sandblast                      Earth                        1
   b - Passwall                       Transmutation/Earth          2
   c - Stone Arrow                    Conjuration/Earth            3
   d - Petrify                        Transmutation/Earth          4
   e - Lee's Rapid Deconstruction     Earth                        5
 p - a book of Misfortune

   Spells                             Type                      Level
   a - Confusing Touch                Hexes                        1
   b - Confuse                        Hexes                        3
   c - Gell's Gravitas                Translocation                3
   d - Petrify                        Transmutation/Earth          4
   e - Metabolic Englaciation         Hexes/Ice                    5
   f - Yara's Violent Unravelling     Hexes/Transmutation          5
Comestibles
 d - 3 bread rations
 n - a meat ration
 s - 2 royal jellies


   Skills:
 - Level 0.7 Maces & Flails
 + Level 3.0 Dodging
 - Level 2.4 Stealth
 + Level 2.4 Spellcasting
 * Level 1.1 Conjurations
   Level 0.8 Transmutations
 + Level 5.0 Earth Magic


You had 3 spell levels left.
You knew the following spells:

 Your Spells              Type           Power        Failure   Level  Hunger
a - Sandblast             Erth           ###...       2%          1    #......
b - Stone Arrow           Conj/Erth      ##....       16%         3    ###....


Dungeon Overview and Level Annotations

Branches:
Dungeon (4/15)
 Temple: D:4-7

Altars:
Gozag
Nemelex Xobeh
Ru


Innate Abilities, Weirdness & Mutations

You are resistant to damage.
You can heal yourself by infusing magical energy.
You passively map a small area around you.
You do not regenerate.


Message History

Unknown command.
The gnoll hits you from afar with a halberd.
You climb upwards.
There is a stone staircase leading down here.
You start resting.
Magic restored.
There is a stone staircase leading down here.
You can't go up here!
You climb downwards.
There is a stone staircase leading up here.
A centaur comes into view.
The centaur shouts!
The centaur wields a shortbow.
The centaur shoots an arrow.
The arrow hits you!
* * * LOW HITPOINT WARNING * * *
A quokka comes into view.
You see here an arrow.
A quokka comes into view.
The centaur shoots an arrow.
The arrow barely misses you.
The centaur shoots an arrow.
The arrow hits you!
You die...

* , , r...# * *
* ...# * ...# *,
..# * * * * ..#
,#.#
#######.######,*
* #.<...@......#
, ,
#######(####.#
,,
*,#.......r..#
#.#####.##.#,
... # * * * ,
#.# * * * ..., *
, , .#c * * * *.
. * * * *


You could see a centaur and a quokka.

Vanquished Creatures
  A hound skeleton (D:4)
  A gnoll (D:4)
  An adder (D:2)
  A worm (D:2)
  A dart slug (D:2)
  4 giant cockroaches
  6 goblins
  4 hobgoblins
  10 jackals
  5 kobolds
  A quokka (D:2)
  2 ball pythons (D:2)
  4 bats
  4 frilled lizards
  6 rats
51 creatures vanquished.

Vanquished Creatures (others)
  4 toadstools (D:1)
4 creatures vanquished.

Grand Total: 55 creatures vanquished

Notes
Turn   | Place    | Note
-------+----------+-------------------------------------------
     0 | D:1      | mortelune the Deep Dwarf Earth Elementalist began the quest for the Orb.
     0 | D:1      | Reached XP level 1. HP: 15/15 MP: 3/3
   537 | D:1      | Reached XP level 2. HP: 17/22 MP: 5/5
  1163 | D:2      | Found a sacrificial altar of Ru.
  1225 | D:2      | Reached XP level 3. HP: 10/28 MP: 3/6
  1230 | D:2      | Learned a level 3 spell: Stone Arrow
  2068 | D:2      | Found an opulent altar of Gozag.
  2672 | D:3      | Found a sparkling altar of Nemelex Xobeh.
  3479 | D:4      | Reached skill level 1 in Conjurations
  3479 | D:4      | Reached skill level 5 in Earth Magic
  3479 | D:4      | Reached XP level 4. HP: 19/36 MP: 0/7
  3701 | D:4      | Noticed a centaur
  3703 | D:4      | Shot with an arrow by a centaur

Vault maps used:
D:1:      ldierk_water_garden
D:2:      grunt_gozag_statues, hangedman_ru_absence
D:3:      nemelex_xobeh_ov_fountains_minmay, first_bread
D:4:      uniq_robin, uniq_pikel

Skill      XL: |  1  2  3 |
---------------+----------+-----
Spellcasting   | 2 |  2.4
Dodging        | 3 |  3.0
Conjurations   | 1 |  1.1
Earth Magic    | 5 |  5.0
Maces & Flails | |  0.7
Stealth        | |  2.4
Transmutations | |  0.8

Action                   |  1- 3 |  4- 6 || total
-------------------------+-------+-------++-------
Melee: Club              |    30 |     6 ||    36
       Dagger            |     5 |       ||     5
 Cast: Sandblast         |    35 |     3 ||    38
       Stone Arrow       |    20 |     2 ||    22
  Use: Scroll            |     4 |       ||     4
       Potion            |     2 |       ||     2
 Stab: Sleeping          |     1 |       ||     1
  Eat: Chunk             |    11 |       ||    11
Armor: Robe              |     9 |     1 ||    10
Dodge: Dodged            |    26 |     9 ||    35

Table legend:
 A = Spawn XP
 B = Non-spawn XP
 C = Spawn XP percentage of total XP
 D = Spawn monster count
 E = Non-spawn monster count
 F = Spawn count percentage of total count
 G = Total turns spent on level
                    A         B        C        D         E        F      G
               +---------+---------+-------+---------+---------+-------+---------
         Total |       0 |     127 |   0.0 |       0 |      51 |   0.0 |  3703
               +---------+---------+-------+---------+---------+-------+---------
           D:1 |       0 |      24 |   0.0 |       0 |      16 |   0.0 |   980
           D:2 |       0 |      51 |   0.0 |       0 |      22 |   0.0 |  1369
           D:3 |       0 |      20 |   0.0 |       0 |      11 |   0.0 |  1282
           D:4 |       0 |      32 |   0.0 |       0 |       2 |   0.0 |    72
               +---------+---------+-------+---------+---------+-------+---------
